 Dungeon Crawl Stone Soup version 0.26-a0-707-g31817bcca1 (console) character file.

Game seed: 13913593746520197403

2204 om the Cleaver (level 9, 0/79 HPs)
             Began as a Minotaur Berserker on Oct 26, 2020.
             Was an Elder of Trog.
             Slain by Harold
             ... wielding a +3 hand axe of flaming
              (15 damage)
             ... on level 7 of the Dungeon.
             The game lasted 00:16:54 (6734 turns).

om the Cleaver (Minotaur Berserker)                 Turns: 6734, Time: 00:16:55

Health: 0/79       AC:  8    Str: 25    XL:     9   Next: 12%
Magic:  8/8        EV: 12    Int:  9    God:    Trog [****..]
Gold:   411        SH:  4    Dex: 10    Spells: 8/8 levels left

rFire    . . .     SeeInvis +   t - +0 war axe
rCold    . . .     Faith    +   e - +0 buckler
rNeg     . . .     Spirit   .   C - +1 scale mail "Kutoull" {*Slow rPois MR+++ Int+5}
rPois    +         Reflect  .   y - +0 hat
rElec    .         Harm     .   o - scarf {+Inv}
rCorr    .         Rampage  .   (no gloves)
MR       +++..                  (no boots)
Stlth    ..........             z - amulet of faith
HPRegen  0.23/turn              p - ring of see invisible
MPRegen  0.11/turn              (no ring)

@: lethally poisoned (0 -> -7), about to teleport
A: retaliatory headbutt, horns 2, talons 1, screaming 1
a: Berserk, Trog's Hand, Brothers in Arms, Renounce Religion, Evoke Invisibility


You were on level 7 of the Dungeon.
You worshipped Trog.
Trog was greatly pleased with you.
You visited 1 branch of the dungeon, and saw 7 of its levels.
You also visited: Ossuary.

You collected 411 gold pieces.

Inventory:

Hand Weapons
 t - a +0 war axe (weapon)
Armour
 e - a +0 buckler (worn)
 j - a +0 chain mail
 o - a scarf of invisibility (worn)
 y - a +0 hat (worn)
 C - the +1 scale mail "Kutoull" (worn) {*Slow rPois MR+++ Int+5}
   (You found it on level 6 of the Dungeon)

   It affects your intelligence (+5).
   It protects you from poison.
   It affects your resistance to hostile enchantments.
   It may slow you when you take damage.
Jewellery
 c - an uncursed ring of fire
 p - a ring of see invisible (left hand)
 z - an amulet of faith (around neck)
 D - an uncursed ring of fire
Wands
 B - a wand of enslavement (5)
Scrolls
 b - 2 scrolls of blinking {unknown}
 f - 11 scrolls of remove curse
 h - 4 scrolls of enchant weapon
 i - 2 scrolls of teleportation
 l - 2 scrolls of magic mapping
 m - a scroll of immolation {unknown}
 n - a scroll of fog {unknown}
 v - 2 scrolls of amnesia {unknown}
Potions
 a - a potion of resistance
 d - 3 potions of lignification
 k - 2 potions of stabbing
 q - 5 potions of curing
 r - 3 potions of magic
 s - 2 potions of haste
 u - 2 potions of might
 w - a potion of flight {unknown}
 x - a potion of heal wounds
 A - a potion of berserk rage


   Skills:
 + Level 7.4 Fighting
 + Level 9.4 Axes
 + Level 6.6 Armour
 + Level 5.6 Dodging
 - Level 0.3 Stealth
 - Level 4.0 Shields
 * Level 0.9 Evocations


You had 8 spell levels left.
You didn't know any spells.
Your spell library was empty.

Dungeon Overview and Level Annotations

Branches:
Dungeon (7/15)             Temple (0/1) D:4         Ossuary (visited)

Altars:
Zin

Annotations:
D:7 Harold


Innate Abilities, Weirdness & Mutations

You reflexively headbutt those who attack you in melee.
You have a pair of horns on your head.
You have sharp toenails.
You occasionally shout uncontrollably at your foes.


Message History

The orc priest hits you with a cursed +0 flail.
You rip the net and break free!
You feel sick.
The gnoll hits you with a +2 whip of venom.
You are more poisoned.
Harold hits you with a +3 hand axe of flaming!!
* * * LOW HITPOINT WARNING * * *
Harold burns you!
* * * LOW HITPOINT WARNING * * *
You feel much better.
You feel sick. The orc priest misses you.
The gnoll hits you with a +2 whip of venom.
* * * LOW HITPOINT WARNING * * *
Harold gestures at you while chanting. You resist with some effort.
As you read the scroll of teleportation, it crumbles to dust.
You feel strangely unstable.
You feel sick.
The orc priest hits you with a cursed +0 flail.
* * * LOW HITPOINT WARNING * * *
You block the gnoll's attack.
Harold hits you with a +3 hand axe of flaming!
You die...

######.##########.##.
#.##########.##.
..#............##.
.###
#.#(#############.
....##.#.# #.
..#....#)# ##
.....#.# #...#.#
#.#.#.# ..#.#..o..#
.......@#.#
.##.##g@...#
#S###...# .. .#.# .#.
...# .##. .### .. ..
.# ..


You could see Harold, an orc priest, a gnoll and an adder.

Vanquished Creatures
  Pikel (D:6)
  Menkaure (D:5)
  An ogre (D:4)
  A lemure (D:6)
  2 centaurs
  A big kobold (D:7)
  3 bullfrogs
  2 scorpions (D:6)
  A quasit (D:7)
  A bullfrog skeleton (D:4)
  A human zombie (Ossuary)
  4 hounds
  5 orc priests
  A jelly (D:7)
  6 orc wizards
  Jessica (D:2)
  An iguana (D:7)
  3 worker ants
  A hound zombie (D:7)
  3 mummies (Ossuary)
  5 gnolls
  8 adders
  A shadow imp (D:6)
  2 white imps
  4 oozes
  An adder skeleton (D:4)
  6 adder zombies
  3 worms
  3 dart slugs
  5 leopard geckos
  16 orcs
  A ball python (D:2)
  3 giant cockroaches
  6 goblins
  2 hobgoblins (D:1)
  11 jackals
  7 kobolds
  2 quokkas
  2 bats
  7 frilled lizards
  2 gnoll zombies (Ossuary)
  6 goblin zombies
  A hobgoblin zombie (Ossuary)
  A jackal zombie (D:5)
  A kobold zombie (Ossuary)
  A quokka skeleton (D:6)
  10 rats
  4 rat zombies (Ossuary)
161 creatures vanquished.

Notes
Turn   | Place    | Note
-------+----------+-------------------------------------------
     0 | D:1      | om the Minotaur Berserker began the quest for the Orb.
     0 | D:1      | Reached XP level 1. HP: 19/19 MP: 0/0
   146 | D:1      | Reached XP level 2. HP: 27/27 MP: 1/1
   278 | D:1      | Reached skill level 4 in Axes
   839 | D:1      | Reached ** piety under Trog
   928 | D:1      | Reached XP level 3. HP: 32/33 MP: 2/2
  1591 | D:2      | Reached skill level 5 in Axes
  1591 | D:2      | Reached XP level 4. HP: 36/41 MP: 3/3
  1638 | D:2      | You fall into a shaft and drop 1 floor!
  2058 | D:2      | Noticed Jessica
  2075 | D:2      | Killed Jessica
  2249 | D:3      | Reached XP level 5. HP: 47/47 MP: 4/4
  3069 | D:3      | Reached skill level 6 in Axes
  3157 | D:4      | Noticed an ogre
  3164 | D:4      | Killed an ogre
  3164 | D:4      | Reached skill level 5 in Fighting
  3164 | D:4      | Reached XP level 6. HP: 56/56 MP: 5/5
  3184 | D:4      | Reached *** piety under Trog
  3311 | D:4      | Found a staircase to the Ecumenical Temple.
  3649 | D:4      | Reached XP level 7. HP: 56/61 MP: 6/6
  3918 | D:4      | Reached skill level 7 in Axes
  4067 | D:5      | Entered Level 5 of the Dungeon
  4149 | D:5      | Reached skill level 1 in Shields
  4325 | D:5      | Noticed Menkaure
  4328 | D:5      | Gained mutation: You occasionally shout uncontrollably at
                  | your foes. [potion of mutation]
  4328 | D:5      | Gained mutation: You have sharp toenails. [potion of
                  | mutation]
  4337 | D:5      | Killed Menkaure
  4659 | D:5      | Reached skill level 5 in Armour
  4933 | D:5      | Found a glowing silver altar of Zin.
  5181 | D:6      | Reached **** piety under Trog
  5210 | D:6      | Reached XP level 8. HP: 58/70 MP: 7/7
  5301 | D:6      | Noticed Pikel
  5320 | D:6      | Killed Pikel
  5320 | D:6      | Reached skill level 8 in Axes
  5372 | D:6      | Found a sand-covered staircase.
  5379 | Ossuary  | Entered an ossuary
  5527 | Ossuary  | Reached skill level 5 in Dodging
  5529 | Ossuary  | Reached skill level 9 in Axes
  6125 | D:6      | Got a spiked scale mail
  6136 | D:6      | Identified the +1 scale mail "Kutoull" {*Slow rPois MR+++
                  | Int+5} (You found it on level 6 of the Dungeon)
  6607 | D:7      | Reached XP level 9. HP: 74/79 MP: 8/8
  6720 | D:7      | Identified the +1 buckler of Grace {+Inv rF+ MR+}
  6722 | D:7      | Noticed Harold
  6734 | D:7      | Slain by Harold

Illustrated notes

Levels and vault maps discovered:
D:1:      heliophobic_arrival_enchanted_forest, layout_loops_ring,
          hangedman_feature_mirror, grunt_decor_one_mirror, roderic_lattice_a
D:2:      layout_basic, uniq_jessica
D:3:      layout_basic
D:4:      layout_loops_corners, minmay_temple_entry_ruins
D:5:      layout_loops_corners, zin_treasury, hangedman_decor_riveting,
          hex_tiny, uniq_menkaure
D:6:      layout_cave_pods, enter_ossuary_4, uniq_pikel
D:7:      layout_basic, minmay_fractal_squares_5, uniq_harold

Skill      XL: |  1  2  3  4  5  6  7  8 |
---------------+-------------------------+-----
Axes           | 4 5 6 7 9 |  9.4
Fighting       | 4 5 6 7 |  7.4
Dodging        | 3 4 5 |  5.6
Armour         | 3 4 5 6 |  6.6
Shields        | 3 4 |  4.0
Stealth        | |  0.3
Evocations     | |  0.9

Action                   |  1- 3 |  4- 6 |  7- 9 || total
-------------------------+-------+-------+-------++-------
Melee: Hand axe          |   100 |   130 |    16 ||   246
       Headbutt          |    15 |    16 |    34 ||    65
       War axe           |       |       |   167 ||   167
       Kick              |       |       |    10 ||    10
Invok: Berserk           |       |     4 |     5 ||     9
  Use: Scroll            |       |       |    17 ||    17
       Potion            |       |       |     2 ||     2
Armor: Animal skin       |    10 |       |       ||    10
       Chain mail        |    11 |    68 |    75 ||   154
       Scale mail        |       |       |    21 ||    21
Dodge: Dodged            |    55 |    54 |    74 ||   183
Block: Buckler           |     7 |     9 |    43 ||    59

Table legend: (Time is in decaauts)
 A = Elapsed time spent in this place.
 B = Non-inter-level travel time spent in this place.
 C = Inter-level travel time spent in this place.
 D = Time resting spent in this place.
 E = Time spent auto-exploring this place.
 F = Levels seen in this place.
 G = Mean time per level.
                   A        B        C        D        E       F      G
               +--------+--------+--------+--------+--------+-----+--------+
         Total |   6861 |   6478 |    383 |    686 |   4582 |   8 |  857.6 |
       Dungeon |   6590 |   6207 |    383 |    616 |   4447 |   7 |  941.4 |
       Ossuary |    270 |    270 |      0 |     70 |    135 |   1 |  270.0 |
               +--------+--------+--------+--------+--------+-----+--------+

Top non-repeatable levels by time:
     D:1: 1435 daAuts
     D:5: 1123 daAuts
     D:4: 962 daAuts
     D:6: 954 daAuts
     D:3: 944 daAuts
     D:2: 779 daAuts
     D:7: 390 daAuts
 Ossuary: 270 daAuts
